 Dungeon Crawl Stone Soup version 0.30.1-11-g7821555f0a (webtiles) character file.

Game seed: 5133154959658039159

585 lonewolfV2 the Fighter (level 7, -5/71 HPs)
             Began as a Minotaur Fighter on Nov 10, 2023.
             Was an Initiate of Qazlal.
             Slain by a gnoll
             ... wielding a +0 spear
              (8 damage)
             ... on level 4 of the Dungeon.
             The game lasted 00:04:00 (2600 turns).

lonewolfV2 the Fighter (Minotaur Fighter)           Turns: 2600, Time: 00:04:01

Health: -5/71      AC:  8    Str: 21    XL:     7   Next: 14%
Magic:  6/6        EV:  9    Int:  5    God:    Qazlal [......]
Gold:   191        SH:  4    Dex: 11    Spells: 6/6 levels left

rFire   . . .        a - +0 war axe
rCold   . . .        c - +0 buckler
rNeg    . . .        b - +0 scale mail
rPois   .            (helmet restricted)
rElec   .            (no cloak)
rCorr   .            h - +0 pair of gloves
SInv    .            (no boots)
Will    .....        (no amulet) Stlth
                     (no ring)
HPRegen 0.31/turn    (no ring)
MPRegen 0.10/turn

%: no passive effects
@: no status effects
A: horns 2, retaliatory headbutt
a: Renounce Religion


You were on level 4 of the Dungeon.
You worshipped Qazlal.
Qazlal was noncommittal.
You visited 2 branches of the dungeon, and saw 5 of its levels.

You collected 191 gold pieces.

Inventory:

Hand Weapons
 a - a +0 war axe (weapon)
Armour
 b - a +0 scale mail (worn)
 c - a +0 buckler (worn)
 h - a +0 pair of gloves (worn)
Jewellery
 l - an amulet of magic regeneration
Scrolls
 e - 2 scrolls of teleportation
 f - a scroll of identify
 o - a scroll of vulnerability {unknown}
 p - a scroll of immolation {unknown}
Potions
 d - a potion of cancellation {unknown}
 i - a potion of mutation
 j - 2 potions of attraction
 k - a potion of degeneration {unknown}
 m - 2 potions of curing {unknown}
 n - a potion of resistance {unknown}


   Skills:
 * Level 9.9 Fighting
 - Level 2.4 Axes
 - Level 3.6 Armour
 - Level 3.6 Shields


You had 6 spell levels left.
You didn't know any spells.
Your spell library contained the following spells:

 Spells                   Type           Power      Damage    Failure   Level
 Lesser Beckoning         Tloc           0%         N/A       95%         2
 Gell's Gravitas          Tloc           0%         N/A       99%         3
 Teleport Other           Tloc           0%         N/A       99%         3
 Iskenderun's Battlesphe  Conj           0%         2d6       100%        5
 Iron Shot                Conj/Erth      0%         9d1       100%        6
 Spellforged Servitor     Conj/Summ      0%         N/A       100%        7


Dungeon Overview and Level Annotations

Branches:
Dungeon (4/15)             Temple (1/1) D:4

Altars:
Ashenzari
Dithmenos
Elyvilon
Fedhas
Hepliaklqana
Kikubaaqudgha
Nemelex Xobeh
Qazlal
Ru
Sif Muna
Trog
Vehumet
Wu Jian
Zin
The Shining One


Innate Abilities, Weirdness & Mutations

You have a pair of horns on your head.
You reflexively headbutt those who attack you in melee.


Message History

The iguana bites you but does no damage.
You slash the iguana! You headbutt the iguana.
You kill the iguana!
Qazlal accepts your kill. You block the gnoll's attack.
The ogre hits you with a +0 giant club!!
The gnoll barely misses you.
You completely miss the ogre. Your headbutt misses the ogre.
The gnoll hits you but does no damage. The ogre hits you with a +0 giant club!
You barely miss the ogre. The gnoll hits you but does no damage.
The ogre hits you with a +0 giant club!
* * * LOW HITPOINT WARNING * * *
You block the gnoll's attack.
You closely miss the ogre. You block the gnoll's attack.
You feel much better. The ogre hits you with a +0 giant club!
The gnoll hits you from afar with a +0 spear.
You hit the ogre but do no damage. Your headbutt misses the ogre.
The ogre closely misses you. You block the gnoll's attack.
The gnoll hits you from afar with a +0 spear.
You hit the ogre.
The ogre is moderately wounded.
The gnoll hits you from afar with a +0 spear!
* * * LOW HITPOINT WARNING * * *
The gnoll hits you from afar with a +0 spear.
* * * LOW HITPOINT WARNING * * *
The ogre completely misses you. You furiously retaliate!
You headbutt the ogre.
The gnoll hits you from afar with a +0 spear.
* * * LOW HITPOINT WARNING * * *
The gnoll hits you from afar with a +0 spear.
* * * LOW HITPOINT WARNING * * *
You slash the ogre!
The ogre is severely wounded.
The ogre hits you with a +0 giant club!
* * * LOW HITPOINT WARNING * * *
You block the gnoll's attack. The gnoll barely misses you.
You slash the ogre!
You kill the ogre!
Qazlal accepts your kill.
The gnoll hits you from afar with a +0 spear!
You die...

.....#### #..........#
##..........#
...........#####
..............#
#...##........ ##### ##
#..#......... ..... ...
#..#g........ .#####...
#.@)Wg....... .......#
#.##g........
......#########.##.........
..........$.....###....!...
......# ######.............
......## ##.##.........
.......##### #.............
...........###.............
......####...#.........


You could see a phantom and 3 gnolls.

Vanquished Creatures
  The ghost of laqueoix the Cudgeller, an amateur OgGl of Vehumet (D:3)
  A black bear (D:4)
  An ogre (D:4)
  A bullfrog (D:3)
  An iguana (D:4)
  Natasha (thrice) (D:3)
  4 adders
  2 dart slugs (D:1)
  8 orcs
  6 endoplasms
  A giant cockroach (D:4)
  5 goblins
  5 hobgoblins
  4 quokkas (D:1)
  A ball python (D:3)
  4 bats
  2 frilled lizards
  4 kobolds
  3 rats
57 creatures vanquished.

Notes
Turn   | Place    | Note
-------+----------+-------------------------------------------
     0 | D:1      | lonewolfV2 the Minotaur Fighter began the quest for the
                  | Orb.
     0 | D:1      | Reached XP level 1. HP: 19/19 MP: 0/0
   108 | D:1      | Reached skill level 4 in Fighting
   148 | D:1      | Reached XP level 2. HP: 27/28 MP: 1/1
   603 | D:1      | Reached skill level 5 in Fighting
   891 | D:2      | Reached XP level 3. HP: 36/36 MP: 2/2
  1114 | D:3      | Noticed Natasha
  1120 | D:3      | Killed Natasha
  1336 | D:3      | Identified the +1 leather armour "Uxiblowe" {rElec Slay+3}
  1363 | D:3      | Noticed Natasha
  1374 | D:3      | Killed Natasha
  1375 | D:3      | Reached skill level 6 in Fighting
  1375 | D:3      | Reached XP level 4. HP: 40/44 MP: 3/3
  1434 | D:3      | Noticed Natasha
  1444 | D:3      | Killed Natasha
  1538 | D:3      | Found a runed translucent door.
  1539 | D:3      | Noticed a bullfrog
  1540 | D:3      | Noticed laqueoix's ghost (amateur OgGl)
  1741 | D:3      | Reached skill level 7 in Fighting
  1741 | D:3      | Reached XP level 5. HP: 49/52 MP: 4/4
  1751 | D:3      | Killed laqueoix's ghost
  1752 | D:3      | Reached skill level 9 in Fighting
  1752 | D:3      | Reached XP level 6. HP: 26/63 MP: 5/5
  2097 | D:4      | Found a staircase to the Ecumenical Temple.
  2114 | D:4      | Reached XP level 7. HP: 62/71 MP: 6/6
  2121 | Temple   | Entered the Ecumenical Temple
  2393 | Temple   | Became a worshipper of Qazlal Stormbringer
  2599 | D:4      | HP: 3/71 [ogre/+0 giant club (8)]
  2600 | D:4      | Slain by a gnoll

Illustrated notes

Levels and vault maps discovered:
D:1:      ncdulo_smallfort, layout_basic
D:2:      layout_basic, chequers_mini_garden
D:3:      layout_basic, ebering_ghost_sewer_d, uniq_natasha
D:4:      layout_rooms, minmay_temple_entry_junction, minmay_misc_feat_tower
Temple:   regret_index_temple_generic_petals

Skill      XL: |  1  2  3  4  5 |
---------------+----------------+-----
Fighting       | 4 5 6 7 9 |  9.9
Axes           | |  2.4
Armour         | |  3.6
Shields        | |  3.6

Action                     |  1- 3 |  4- 6 |  7- 9 || total
---------------------------+-------+-------+-------++-------
  Melee: War axe           |    72 |    35 |    12 ||   119
         Headbutt          |     5 |     8 |     2 ||    15
    Use: Scroll            |     2 |     6 |       ||     8
         Potion            |       |     1 |     1 ||     2
 Armour: Scale mail        |    33 |    28 |     4 ||    65
  Dodge: Dodged            |    33 |    30 |     7 ||    70
  Block: Buckler           |    21 |    14 |     5 ||    40
